 Dungeon Crawl Stone Soup version 0.30-a0-177-g1cb5dbfd7a (webtiles) character file.

Game seed: 7473926337728517606

32 KennySheep the Sneak (level 3, -6/20 HPs)
             Began as a Vampire Enchanter on Oct 3, 2022.
             Was a Follower of Okawaru.
             Killed from afar by Natasha (10 damage)
             ... with a magic dart
             ... on level 2 of the Dungeon.
             The game lasted 00:02:00 (678 turns).

KennySheep the Sneak (Vampire Enchanter)             Turns: 678, Time: 00:02:00

Health: -6/20      AC:  2    Str:  7    XL:     3   Next: 8%
Magic:  4/6        EV: 15    Int: 17    God:    Okawaru [*.....]
Gold:   60         SH:  0    Dex: 16    Spells: 6/6 levels left

rFire   . . .      SeeInvis +    a - +1 dagger
rCold   + + .      Faith    .    (no shield)
rNeg    + + +      Spirit   .    b - +0 robe
rPois   ∞          Reflect  .    (no helmet)
rElec   .          Harm     .    (no cloak)
rCorr   .          Rampage  .    (no gloves)
Will    .....                    (no boots)
Stlth   ++++++....               (no amulet)
HPRegen 0.00/turn                (no ring)
MPRegen 0.10/turn                (no ring)

@: heroic, bloodless, inhibited regen, invisible
A: bloodless, fangs 3, see invisible, vampiric 2
a: Bat Form, Revivify, Renounce Religion, Heroism


You were on level 2 of the Dungeon.
You worshipped Okawaru.
Okawaru was aware of your devotion.
You visited 1 branch of the dungeon, and saw 2 of its levels.

You collected 60 gold pieces.

Inventory:

Hand Weapons
 a - a +1 dagger (weapon)
Armour
 b - a +0 robe (worn)
Scrolls
 d - a scroll of noise {unknown}
 g - a scroll of magic mapping {unknown}
 h - a scroll of poison {unknown}
 i - 2 scrolls of identify {unknown}
 l - a scroll of immolation {unknown}
Potions
 e - a potion of haste {unknown}
 f - a potion of heal wounds {unknown}
 j - a potion of lignification {unknown}
 k - a potion of attraction {unknown}


   Skills:
 + Level 0.4(5.4) Fighting
 * Level 2.0(7.0) Short Blades
 - Level 2.1(7.1) Dodging
 * Level 5.0(10.0) Stealth
 + Level 2.2 Spellcasting
 * Level 4.9 Hexes
 + Level 0.0 Invocations


You had 6 spell levels left.
You didn't know any spells.
Your spell library contained the following spells:

 Spells                   Type           Power      Damage    Failure   Level
 Confusing Touch          Hex            18%        N/A       8%          3
 Ensorcelled Hibernation  Hex/Ice        20%        N/A       11%         2
 Dazzling Flash           Conj/Hex       20%        N/A       21%         3
 Tukima's Dance           Hex            Unusable   N/A       N/A         3

Dungeon Overview and Level Annotations

Branches:
Dungeon (2/15)

Altars:
Okawaru

Annotations:
D:2 Natasha


Innate Abilities, Weirdness & Mutations

You do not regenerate when monsters are visible.
You are frail without blood (-20% HP).
You can heal yourself when you bite living creatures.
You are immune to poison.
You have razor-sharp teeth.
You have supernaturally acute eyesight. (SInv)
You are afflicted with vampirism and can become a bat while bloodless.


Message History

A giant cockroach comes into view.
Natasha claws you.
You closely miss Natasha. Natasha closely misses you.
You gain the combat prowess of a mighty hero.
Natasha misses you.
You hit Natasha.
Natasha is lightly wounded.
You closely miss Natasha.
Natasha is lightly wounded.
Natasha closely misses you.
You hit Natasha but do no damage. Your punch misses Natasha.
Natasha closely misses you.
You hit Natasha. Your punch misses Natasha. Your bite misses Natasha.
Natasha is lightly wounded.
You miss Natasha.
Natasha is lightly wounded.
Natasha mumbles some strange words.
Natasha glows brightly for a moment.
Natasha misses you.
You barely miss Natasha. Your bite misses Natasha.
Natasha is lightly wounded.
Natasha barely misses you.
You barely miss Natasha.
Natasha is lightly wounded.
You fade into invisibility!
Natasha completely misses you.
You hit Natasha.
Natasha is heavily wounded.
Natasha stares at you and mumbles some strange words.
The magic dart hits you.
* * * LOW HITPOINT WARNING * * *
You hit Natasha.
Natasha is severely wounded.
The crimson imp blinks!
You hit Natasha. Your bite misses Natasha.
Natasha is severely wounded.
Natasha casts a spell at you. The magic dart hits you!
Ouch! That really hurt!
You die...

#### # #.. .. #.#####.
##########.##...
.)....#....##?#
#####.........######.##
######......@hKB..#
####.5#####..# #..#
#..# #..# #... ..###
###


You could see Natasha, a crimson imp (summoned, unable to see you), a giant
cockroach (unable to see you) and a kobold (unable to see you).

Vanquished Creatures
  A gnoll (D:1)
  3 dart slugs
  3 bats (D:1)
  2 endoplasms (D:1)
  2 goblins (D:1)
  2 frilled lizards
  4 kobolds
17 creatures vanquished.

Notes
Turn   | Place    | Note
-------+----------+-------------------------------------------
     0 | D:1      | KennySheep the Vampire Enchanter began the quest for the
                  | Orb.
     0 | D:1      | Reached XP level 1. HP: 13/13 MP: 3/3
   182 | D:1      | Reached XP level 2. HP: 6/16 MP: 5/5
   354 | D:1      | Found a faded altar of an unknown god.
   417 | D:1      | Prayed at the altar of an unknown god.
   417 | D:1      | Became a worshipper of Warmaster Okawaru
   417 | D:1      | Reached * piety under Okawaru
   498 | D:1      | Reached skill level 5 in Stealth
   601 | D:2      | Gained mutation: You are afflicted with vampirism and can
                  | become a bat while bloodless. [Vampire growth]
   601 | D:2      | Reached XP level 3. HP: 20/20 MP: 6/6
   656 | D:2      | Noticed Natasha
   678 | D:2      | Killed from afar by Natasha

Illustrated notes

Levels and vault maps discovered:
D:1:      dpeg_arrival_boxorama, layout_rooms,
          ebering_ecumenical_altar_abandoned
D:2:      layout_basic, uniq_crazy_yiuf_cottage, uniq_natasha

Skill      XL: |  1  2  3 |
---------------+----------+-----
Stealth        | 5 |  5.0
Short Blades   | 2 |  2.0
Fighting       | |  0.4
Dodging        | |  2.1
Spellcasting   | |  2.2
Hexes          | |  4.9

Action                   || total
-------------------------++-------
Melee: Dagger            ||    58
       Bite              ||     4
       Punch             ||     1
Invok: Heroism           ||     1
 Abil: Exsanguinate      ||     1
  Use: Potion            ||     2
 Stab: Sleeping          ||    11
       Invisible         ||     1
Armor: Robe              ||    10
Dodge: Dodged            ||    38

Table legend: (Time is in decaauts)
 A = Elapsed time spent in this place.
 B = Non-inter-level travel time spent in this place.
 C = Inter-level travel time spent in this place.
 D = Time resting spent in this place.
 E = Time spent auto-exploring this place.
 F = Levels seen in this place.
 G = Mean time per level.
                   A        B        C        D        E       F      G
               +--------+--------+--------+--------+--------+-----+--------+
         Total |    670 |    628 |     42 |     45 |    406 |   2 |  335.0 |
       Dungeon |    670 |    628 |     42 |     45 |    406 |   2 |  335.0 |
               +--------+--------+--------+--------+--------+-----+--------+

Top non-repeatable levels by time:
     D:1: 580 daAuts
     D:2: 90 daAuts
